 Dungeon Crawl Stone Soup version 0.30-a0-912-ge10d75a369 (webtiles) character file.

Game seed: 12873924641109922098

1129 CrazyBamboolord the Insei (level 8, -2/58 HPs)
             Began as a Merfolk Transmuter on Mar 19, 2023.
             Was an Initiate of Hepliaklqana.
             Slain by a scorpion (3 damage)
             ... on level 5 of the Dungeon.
             The game lasted 00:10:08 (4294 turns).

CrazyBamboolord the Insei (Merfolk Transmuter)      Turns: 4294, Time: 00:10:09

Health: -2/58      AC:  3    Str: 11 (13) XL:     8   Next: 35%
Magic:  19/23      EV: 13    Int: 16 (17) God:    Hepliaklqana [......]
Gold:   233        SH:  0    Dex: 11 (13) Spells: 3/15 levels left

rFire   . . .      SeeInvis .      - Unarmed
rCold   . . .      Faith    .    (no shield)
rNeg    . . .      Spirit   .    a - +0 robe
rPois   .          Reflect  .    (helmet currently unavailable)
rElec   .          Rampage  .    l - +0 cloak
rCorr   .          Clarity  +    (no gloves)
Will    +....                    n - melded +0 pair of boots
Stlth   ++                       (no amulet)
HPRegen 0.29/turn                h - ring of magical power
MPRegen 0.18/turn                (no ring)

@: lethally poisoned (-2 -> -9), appendages, attractive, very slightly
contaminated
A: horns 2, (nimble swimmer 2), mertail, clarity, clever 1, strong-willed 1,
strong 1
a: End Transformation, Renounce Religion


You were on level 5 of the Dungeon.
You worshipped Hepliaklqana.
Hepliaklqana was noncommittal.
You had temporarily grown beastly horns.
You visited 1 branch of the dungeon, and saw 5 of its levels.

You collected 233 gold pieces.

Inventory:

Armour
 a - a +0 robe (worn)
 d - a scarf of repulsion
 l - a +0 cloak (worn)
 n - a +0 pair of boots (melded)
Jewellery
 h - a ring of magical power (left hand)
Wands
 k - a wand of roots (1)
Scrolls
 f - a scroll of enchant armour
 m - a scroll of teleportation {unknown}
 p - a scroll of fog {unknown}
 q - a scroll of fear {unknown}
 s - a scroll of poison {unknown}
 t - a scroll of noise {unknown}
Potions
 g - a potion of cancellation


   Skills:
 * Level 3.2 Fighting
 * Level 5.5 Dodging
 + Level 1.2 Stealth
 * Level 6.6 Unarmed Combat
 * Level 4.2 Spellcasting
 * Level 5.3 Transmutations
 * Level 0.4 Ice Magic
 * Level 2.6 Poison Magic
 * Level 0.4 Invocations


You had 3 spell levels left.
You knew the following spells:

 Your Spells              Type           Power      Damage    Failure   Level
a - Beastly Appendage     Tmut           40%        N/A       1%          1
b - Spider Form           Tmut/Pois      16%        N/A       10%         3
c - Wereblood             Tmut           20%        N/A       2%          2
d - Passwall              Tmut/Erth      10%        N/A       9%          2
e - Ice Form              Ice/Tmut       12%        N/A       45%         4

Your spell library contained the following spells:

 Spells                   Type           Power      Damage    Failure   Level
 Ensorcelled Hibernation  Hex/Ice        8%         N/A       22%         2
 Swiftness                Air            3%         N/A       45%         3
 Airstrike                Air            1%         2d(1-17)  86%         4
 Summon Lightning Spire   Summ/Air       3%         N/A       86%         4
 Plasma Beam              Fire/Air       1%         2x1d12    99%         5


Dungeon Overview and Level Annotations

Branches:
Dungeon (5/15)
 Temple: D:4-7

Altars:
Hepliaklqana

Annotations:
D:3 1 runed translucent door, paps's ghost, amateur DsGl


Innate Abilities, Weirdness & Mutations

You have temporarily grown beastly horns.
((You are very nimble when in or above water. (Stealth+, EV+, Speed+++)))
Your lower body shifts to a powerful aquatic tail in water.
You possess an exceptional clarity of mind.
Your mind is acute. (Int +4, Str/Dex -1)
You are strong-willed. (Will+)
Your muscles are strong. (Str +4, Int/Dex -1)


Message History

You closely miss the scorpion.
The scorpion is moderately wounded.
* * * LOW HITPOINT WARNING * * *
You feel very sick. The scorpion barely misses you.
It was a potion of degeneration.
There was something very wrong with that liquid.
You feel weakened.
You feel dopey.
You feel clumsy.
* * * LOW HITPOINT WARNING * * *
You feel very sick.
The scorpion stings you but does no damage.
The scorpion misses you.
It was a potion of attraction.
You feel attractive to monsters.
* * * LOW HITPOINT WARNING * * *
You feel sick. The scorpion completely misses you.
It was a potion of curing.
You feel better. The scorpion barely misses you.
Casting: Ice Form (quite dangerous; 52% risk of failure)
Confirm with . or Enter, or press ? or * to list all spells.
You grow a pair of large bovine horns.
Your +0 pair of boots melds into your body.
The scorpion closely misses you.
You closely miss the scorpion.
The scorpion is lightly wounded.
The scorpion stings you!
* * * LOW HITPOINT WARNING * * *
You are lethally poisoned!
The scorpion poisons you!
You closely miss the scorpion. Your headbutt misses the scorpion.
The scorpion is lightly wounded.
* * * LOW HITPOINT WARNING * * *
You feel very sick. The scorpion misses you.
It was a potion of mutation.
You feel extremely strange.
You feel strong-willed.
Your thoughts seem clearer.
You feel clever.
You feel stronger.
* * * LOW HITPOINT WARNING * * *
You feel very sick. The scorpion closely misses you. The scorpion stings you.
You die...

..#.$...# #.#
.......# #)#
....$..# #)#
..#...# ##.#
..#()$#####..#
J...#....$..##
...######..)##
..##
#.#..########
###
#.##...s@...#
..########..#
#..# ## ##..
... #..


You could see a scorpion.

Vanquished Creatures
  Pikel (D:4)
  Eustachio (D:4)
  2 lemures
  Blork the orc (D:5)
  A scorpion (D:4)
  An orc priest (D:5)
  2 hounds (D:4)
  A jelly (D:5)
  Crazy Yiuf (D:2)
  Natasha (thrice) (D:4)
  An orc wizard (D:4)
  3 gnolls (D:4)
  4 adders
  2 worms (D:2)
  A dart slug (D:4)
  12 orcs
  9 ball pythons
  5 bats
  2 endoplasms
  A giant cockroach (D:1)
  9 goblins
  6 hobgoblins
  6 kobolds
  4 quokkas
  2 frilled lizards
  5 rats
86 creatures vanquished.

Notes
Turn   | Place    | Note
-------+----------+-------------------------------------------
     0 | D:1      | CrazyBamboolord the Merfolk Transmuter began the quest for
                  | the Orb.
     0 | D:1      | Reached XP level 1. HP: 15/15 MP: 3/3
   114 | D:1      | Reached XP level 2. HP: 21/21 MP: 3/5
   784 | D:2      | Reached XP level 3. HP: 24/26 MP: 4/6
   791 | D:2      | Learned a level 3 spell: Spider Form
   794 | D:2      | Learned a level 2 spell: Wereblood
  1475 | D:2      | Reached XP level 4. HP: 32/32 MP: 6/8
  1782 | D:2      | Found a runed translucent door.
  1783 | D:2      | Noticed Crazy Yiuf
  1901 | D:2      | Killed Crazy Yiuf
  1902 | D:2      | Reached skill level 4 in Unarmed Combat
  2142 | D:3      | Found a runed translucent door.
  2162 | D:3      | Noticed paps's ghost (amateur DsGl)
  2457 | D:4      | Reached XP level 5. HP: 29/38 MP: 9/9
  2756 | D:4      | Noticed Eustachio
  2907 | D:4      | Killed Eustachio
  2908 | D:4      | Reached skill level 1 in Poison Magic
  2908 | D:4      | Reached XP level 6. HP: 32/44 MP: 11/11
  3253 | D:4      | Found a hazy altar of Hepliaklqana.
  3366 | D:4      | Became a worshipper of Hepliaklqana the Forgotten
  3617 | D:4      | Noticed Pikel
  3691 | D:4      | Killed Pikel
  3692 | D:4      | Reached skill level 5 in Dodging
  3692 | D:4      | Reached skill level 1 in Stealth
  3692 | D:4      | Reached skill level 5 in Unarmed Combat
  3692 | D:4      | Reached XP level 7. HP: 14/51 MP: 13/13
  3820 | D:4      | Reached skill level 6 in Unarmed Combat
  3820 | D:4      | Reached skill level 5 in Transmutations
  3823 | D:4      | Reached XP level 8. HP: 53/58 MP: 14/14
  3833 | D:4      | Noticed Natasha
  3841 | D:4      | Killed Natasha
  3856 | D:4      | Noticed Natasha
  3870 | D:4      | Killed Natasha
  3923 | D:4      | Noticed Natasha
  3933 | D:4      | Killed Natasha
  4157 | D:4      | Learned a level 2 spell: Passwall
  4162 | D:4      | Learned a level 4 spell: Ice Form
  4163 | D:5      | Entered Level 5 of the Dungeon
  4185 | D:5      | Noticed Blork the orc
  4205 | D:5      | Killed Blork the orc
  4294 | D:5      | Gained mutation: You are strong-willed. (Will+) [potion of
                  | mutation]
  4294 | D:5      | Gained mutation: You possess an exceptional clarity of
                  | mind. [potion of mutation]
  4294 | D:5      | Gained mutation: Your mind is acute. (Int +4, Str/Dex -1)
                  | [potion of mutation]
  4294 | D:5      | Gained mutation: Your muscles are strong. (Str +4, Int/Dex
                  | -1) [potion of mutation]
  4294 | D:5      | HP: 1/58 [poisoned by a scorpion]
  4294 | D:5      | Slain by a scorpion

Illustrated notes

Levels and vault maps discovered:
D:1:      lightli_arrival_maybe_door_vault, layout_basic, nrook_uturn,
          minmay_tripent
D:2:      layout_basic, hangedman_abyss_or_decor_lesser_grid,
          uniq_crazy_yiuf_cottage
D:3:      layout_rooms, ebering_ghost_sewer_d
D:4:      layout_gridville, worldfamousw_hep_ancestral_shrine, uniq_pikel,
          uniq_natasha, uniq_eustachio
D:5:      layout_rooms, lightli_temple_of_fire, grunt_gozag_breadcrumbs,
          gup_sewer_entry_pipe, uniq_blork_the_orc

Skill      XL: |  1  2  3  4  5  6  7 |
---------------+----------------------+-----
Dodging        | 3 4 5 |  5.5
Transmutations | 3 4 5 |  5.3
Unarmed Combat | 4 5 6 |  6.6
Spellcasting   | 3 4 |  4.2
Fighting       | 2 3 |  3.2
Poison Magic   | 1 2 |  2.6
Stealth        | 1 |  1.2
Ice Magic      | |  0.4
Invocations    | |  0.4

Action                     |  1- 3 |  4- 6 |  7- 9 || total
---------------------------+-------+-------+-------++-------
  Melee: Unarmed           |    81 |   121 |    68 ||   270
         Headbutt          |    12 |    15 |       ||    27
         Punch             |     2 |     4 |     2 ||     8
   Cast: Beastly Appendage |    24 |    18 |     3 ||    45
         Spider Form       |       |     6 |     5 ||    11
         Wereblood         |       |     1 |     2 ||     3
  Evoke: Wand              |       |       |     2 ||     2
    Use: Scroll            |     3 |       |     2 ||     5
         Potion            |       |     1 |     5 ||     6
   Stab: Sleeping          |       |     2 |       ||     2
 Armour: Robe              |    10 |    16 |     2 ||    28
         Skin              |       |     5 |     9 ||    14
  Dodge: Dodged            |    65 |   117 |    67 ||   249
         Repelled          |     1 |       |       ||     1

Table legend: (Time is in decaauts)
 A = Elapsed time spent in this place.
 B = Non-inter-level travel time spent in this place.
 C = Inter-level travel time spent in this place.
 D = Time resting spent in this place.
 E = Time spent auto-exploring this place.
 F = Levels seen in this place.
 G = Mean time per level.
                   A        B        C        D        E       F      G
               +--------+--------+--------+--------+--------+-----+--------+
         Total |   4267 |   4094 |    173 |    514 |   2710 |   5 |  853.4 |
       Dungeon |   4267 |   4094 |    173 |    514 |   2710 |   5 |  853.4 |
               +--------+--------+--------+--------+--------+-----+--------+

Top non-repeatable levels by time:
     D:4: 1554 daAuts
     D:2: 1204 daAuts
     D:1: 771 daAuts
     D:3: 609 daAuts
     D:5: 127 daAuts
